 Dungeon Crawl Stone Soup version 0.30-a0-1043-g60ff8d5f49 (webtiles) character file.

Game seed: 7621916022040803220

88684 greenreed the Warrior (level 15, -4/170 HPs)
             Began as a Minotaur Fighter on Apr 9, 2023.
             Was a High Priest of Nemelex Xobeh.
             Killed from afar by a starcursed mass (10 damage)
             ... with an accursed screaming
             ... on level 3 of the Abyss.
             The game lasted 00:46:53 (21572 turns).

greenreed the Warrior (Minotaur Fighter)           Turns: 21572, Time: 00:46:54

Health: -4/170     AC: 26    Str: 33    XL:     15   Next: 47%
Magic:  15/22      EV:  8    Int:  5    God:    Nemelex Xobeh [*****.]
Gold:   2664       SH:  5    Dex: 11    Spells: 14/14 levels left

rFire   + . .      SeeInvis +    c - +2 war axe
rCold   + . .      Faith    .    L - +1 buckler {AC+3}
rNeg    . . .      Spirit   .    C - +2 plate armour {rPois}
rPois   +          Reflect  .    (helmet unavailable)
rElec   +          Rampage  .    k - scarf {rC+ rF+}
rCorr   .                        m - +2 pair of gloves
Will    ++...                    N - +0 pair of boots Stlth
                                 W - amulet of regeneration
HPRegen 0.00/turn                G - +6 ring of strength
MPRegen 0.18/turn                t - ring of see invisible

@: about to teleport, sick
A: horns 3, retaliatory headbutt, strong-willed 1, robust 1, electricity
resistance
a: Renounce Religion, Draw Escape, Draw Destruction, Draw Summoning, Triple
Draw, Deal Four, Stack Five


You were on level 3 of the Abyss.
You worshipped Nemelex Xobeh.
Nemelex Xobeh was extremely pleased with you.
You visited 4 branches of the dungeon, and saw 22 of its levels.
You visited the Abyss 1 time.
You also visited: Ice Cave.

You collected 2740 gold pieces.
You spent 76 gold pieces at shops.

Inventory:

Hand Weapons
 a - a +2 battleaxe of venom
 c - a +2 war axe (weapon)
 F - a +1 hand axe of flaming
Armour
 k - a scarf of resistance (worn)
 m - a +2 pair of gloves (worn)
 C - a +2 plate armour of poison resistance (worn)
 L - a +1 buckler of protection (worn)
 N - a +0 pair of boots (worn)
 U - a +2 kite shield of cold resistance
Jewellery
 r - a ring of resist corrosion
 t - a ring of see invisible (right hand)
 u - a ring of protection from cold
 v - an amulet of magic regeneration
 G - a +6 ring of strength (left hand)
 R - a ring of willpower
 S - a ring of flight
 W - an amulet of regeneration (around neck)
Wands
 j - a wand of polymorph (9)
 p - a wand of flame (24)
 x - a wand of mindburst (12)
 y - a wand of light (14)
 O - a wand of roots (19)
 Q - a wand of paralysis (7)
 X - a wand of digging (8)
Scrolls
 b - 8 scrolls of fear
 e - 2 scrolls of enchant weapon {unknown}
 f - 4 scrolls of teleportation
 h - 4 scrolls of magic mapping
 n - 6 scrolls of fog
 o - 2 scrolls of vulnerability {unknown}
 w - 7 scrolls of enchant armour
 A - 4 scrolls of immolation
 D - 4 scrolls of blinking {unknown}
 H - 2 scrolls of poison {unknown}
 T - a scroll of torment {unknown}
 V - a scroll of summoning {unknown}
 Y - a scroll of amnesia
 Z - a scroll of brand weapon {unknown}
Potions
 d - 4 potions of might
 g - 2 potions of resistance {unknown}
 i - 3 potions of mutation
 l - 9 potions of brilliance
 q - a potion of invisibility {unknown}
 s - 3 potions of ambrosia {unknown}
 B - 3 potions of lignification {unknown}
 E - 4 potions of berserk rage {unknown}
 I - a potion of haste {unknown}
 J - 4 potions of attraction {unknown}
 K - 6 potions of curing
 M - a potion of flight {unknown}
 P - a potion of cancellation {unknown}


   Skills:
 * Level 19.9 Fighting
 + Level 18.9 Axes
 + Level 14.6 Armour
 - Level 3.6 Shields
 + Level 10.8 Invocations


You had 14 spell levels left.
You didn't know any spells.
Your spell library contained the following spells:

 Spells                   Type           Power      Damage    Failure   Level
 Shock                    Conj/Air       0%         1d3       98%         1
 Static Discharge         Conj/Air       0%         2-2/arc   99%         2
 Call Canine Familiar     Summ           0%         N/A       100%        3
 Dazzling Flash           Conj/Hex       0%         N/A       100%        3
 Inner Flame              Hex/Fire       0%         N/A       100%        3
 Portal Projectile        Hex/Tloc       0%         N/A       100%        3
 Volatile Blastmotes      Fire/Tloc      0%         2d10      100%        3
 Animate Dead             Necr           0%         N/A       100%        4
 Flame Wave               Conj/Fire      0%         2d4       100%        4
 Iskenderun's Mystic Bla  Conj/Tloc      0%         2d3       100%        4
 Leda's Liquefaction      Hex/Erth       0%         N/A       100%        4
 Passage of Golubria      Tloc           0%         N/A       100%        4
 Sticky Flame             Conj/Fire      0%         2d3       100%        4
 Borgnjor's Vile Clutch   Necr/Erth      0%         N/A       100%        5
 Freezing Cloud           Conj/Ice/Air   0%         6-21      100%        5
 Silence                  Hex/Air        0%         N/A       100%        5
 Death Channel            Necr           0%         N/A       100%        6
 Starburst                Conj/Fire      0%         6d3       100%        6
 Storm Form               Tmut/Air       0%         N/A       100%        7
 Lehudib's Crystal Spear  Conj/Erth      0%         10d2      100%        8


Dungeon Overview and Level Annotations

Branches:
Dungeon (14/15)            Temple (1/1) D:5            Lair (5/5) D:10
  Swamp (0/4) Lair:2       Spider (0/4) Lair:3        Slime (0/5) Lair:4
    Orc (2/2) D:10            Elf (0/3) Orc:2        Vaults (0/5) D:13
  IceCv (visited)

Altars:
Ashenzari
Cheibriados
Dithmenos
Elyvilon
Fedhas
Gozag
Hepliaklqana
Kikubaaqudgha
Makhleb
Nemelex Xobeh
Okawaru
Qazlal
Ru
Sif Muna
Trog
Uskayaw
Vehumet
Wu Jian
Xom
Yredelemnul
Zin
The Shining One
Jiyva

Shops:
D:12 [

Annotations:
D:6 2 transporters, Nabski's ghost, novice TeFE


Innate Abilities, Weirdness & Mutations

You have a pair of large horns on your head.
You reflexively headbutt those who attack you in melee.
You are strong-willed. (Will+)
You are robust. (+10% HP)
You are resistant to electric shocks. (rElec)


Message History

The ancient zyme hits you but does no damage.
You slash the starcursed mass!
You destroy the starcursed mass!
You completely miss the ancient zyme.
You feel very sick.
Unknown command.
You slash the ancient zyme!
You destroy the ancient zyme!
You feel very sick.
Unknown command.
You miss the entropy weaver.
You feel sick. The entropy weaver hits you!
* * * LOW HITPOINT WARNING * * *
The entropy weaver barely misses you.
The entropy weaver hits you but does no damage.
The entropy weaver hits you!
* * * LOW HITPOINT WARNING * * *
Unknown command.
You feel better.
The entropy weaver hits you but does no damage. x2
You block the entropy weaver's attack. The entropy weaver barely misses you.
As you read the scroll of teleportation, it crumbles to dust.
You feel strangely unstable.
You feel the power of the Abyss delaying your translocation!
The entropy weaver misses you.
The entropy weaver completely misses you.
The entropy weaver hits you but does no damage.
You block the entropy weaver's attack.
A starcursed mass comes into view.
The entropy weaver hits you but does no damage.
The entropy weaver hits you.
* * * LOW HITPOINT WARNING * * *
You block the entropy weaver's attack. x2
A chaos spawn comes into view.
A starcursed mass splits.
You see here a raiju corpse.
The chaos spawn's lion head roars!
You hear a horrible gurgling sound!
A starcursed mass splits.
A chorus of shrieks assaults your mind.
You die...
Your body glows with a rainbow of weird colours and disappears.

# . .... ## .###
##.##.....
#....#.###.#..#.
. #..†..#.### #.
. ..... # ..
...X## #.
#.##X## #..#
.#.BX#### ..
#.h#..##@...# ##
###...#...#.....
##...###.##...
#.#. ... ## #.#
#.. .. #.# .# .#
.


You could see 3 starcursed masses and an entropy weaver.

Vanquished Creatures
  A jiangshi (Abyss:3)
  A fire dragon (Lair:4)
  6 vault guards (D:13)
  3 hydras
  3 centaur warriors (D:13)
  A catoblepas (Lair:5)
  5 two-headed ogres
  An orc high priest (Orc:2)
  A vampire mage (Abyss:3)
  A hell hog (Lair:3)
  Urug (D:10)
  Sonja (Abyss:3)
  A bog body (Lair:2)
  A necromancer (IceCv)
  An orc knight (Orc:2)
  3 cyclopes
  2 deep elf pyromancers
  An orc sorcerer (Orc:2)
  2 wolf spiders (Lair:5)
  2 ugly things
  19 elephants
  11 black mambas
  2 guardian serpents
  A guardian serpent (shapeshifter) (D:14)
  2 torpor snails
  An ice statue (IceCv)
  Joseph (D:7)
  A smoke demon (Abyss:3)
  17 cane toads
  2 gargoyles
  16 rime drakes
  2 unseen horrors
  A kobold demonologist (D:12)
  A yaktaur (Lair:3)
  An anaconda simulacrum (IceCv)
  2 ancient zymes (Abyss:3)
  3 komodo dragons
  3 freezing wraiths (IceCv)
  9 ice devils
  A meliai (Lair:3)
  6 trolls
  3 hornets
  6 polar bears
  4 dream sheep (Lair:5)
  3 raiju (Abyss:3)
  19 blink frogs
  Prince Ribbit (D:6)
  6 slime creatures (D:12)
  A vampire (D:12)
  A water elemental (D:13)
  2 shadows (D:13)
  2 wraiths
  68 yaks
  Sigmund (D:2)
  16 wyverns
  A basilisk (Lair:3)
  2 death yak simulacra (IceCv)
  2 vampire mosquitoes (D:12)
  8 steam dragons
  3 wargs
  4 harpy simulacra (IceCv)
  3 swamp worms (Lair:2)
  A hydra simulacrum (IceCv)
  4 acid dragons
  22 water moccasins
  A sky beast (D:7)
  19 orc warriors
  A swamp drake (D:9)
  2 ice beasts
  3 black bears
  11 wolves
  5 ogres
  5 centaurs
  A phantom (D:5)
  5 kobold brigands
  Blork the orc (D:5)
  10 bullfrogs
  5 scorpions
  A gnoll sergeant (D:10)
  4 cane toad simulacra (IceCv)
  16 killer bees
  3 elephant simulacra (IceCv)
  3 electric eels
  3 howler monkeys (D:9)
  5 jellies
  22 orc priests
  6 starcursed masses (Abyss:3)
  3 hounds
  An iron imp (Abyss:3)
  2 sleepcaps
  3 iguanas
  8 orc wizards
  2 hell rats (Lair:3)
  2 polar bear simulacra (IceCv)
  A troll simulacrum (IceCv)
  2 small abominations (Abyss:3)
  6 wolf simulacra (IceCv)
  12 gnolls
  9 adders
  A naga simulacrum (IceCv)
  2 shadow imps
  3 white imps
  3 ufetubi (IceCv)
  2 worms
  2 dart slugs
  50 orcs
  7 ball pythons
  6 endoplasms
  2 giant cockroaches
  6 goblins
  8 hobgoblins
  2 jackals (D:1)
  2 quokkas
  4 bats
  3 frilled lizards
  43 kobolds
  9 rats
661 creatures vanquished.

Vanquished Creatures (collateral kills)
  2 vault guards (D:13)
  A boulder beetle (D:8)
  An orc knight (Orc:2)
  4 ice devils (IceCv)
  2 anaconda simulacra (IceCv)
  A cane toad simulacrum (IceCv)
  2 wolf simulacra (IceCv)
13 creatures vanquished.

Vanquished Creatures (others)
  37 fungi
  95 plants
132 creatures vanquished.

Grand Total: 806 creatures vanquished

Notes
Turn   | Place    | Note
-------+----------+-------------------------------------------
     0 | D:1      | greenreed the Minotaur Fighter began the quest for the Orb.
     0 | D:1      | Reached XP level 1. HP: 19/19 MP: 0/0
   117 | D:1      | Reached XP level 2. HP: 22/27 MP: 1/1
   175 | D:1      | Reached skill level 4 in Fighting
   680 | D:1      | Reached XP level 3. HP: 31/33 MP: 2/2
   795 | D:2      | Found the amulet of Elemental Vulnerability {rPois rF--
                  | rC-- AC+8}
  1330 | D:2      | Noticed Sigmund
  1343 | D:2      | Killed Sigmund
  1344 | D:2      | Reached skill level 5 in Fighting
  1344 | D:2      | Reached XP level 4. HP: 38/42 MP: 3/3
  1344 | D:2      | Reached XP level 5. HP: 44/48 MP: 4/4
  1867 | D:4      | Reached skill level 5 in Axes
  1884 | D:4      | Reached XP level 6. HP: 45/57 MP: 5/5
  1983 | D:4      | Reached skill level 6 in Fighting
  2238 | D:4      | Identified the +9 trident of Dim Light {heavy, Dex+3}
  2735 | D:4      | Reached skill level 5 in Armour
  2863 | D:5      | Entered Level 5 of the Dungeon
  2863 | D:5      | Noticed Blork the orc
  2873 | D:5      | Killed Blork the orc
  2874 | D:5      | Reached XP level 7. HP: 51/64 MP: 6/6
  2923 | D:5      | Found a staircase to the Ecumenical Temple.
  2959 | D:5      | Reached skill level 7 in Fighting
  3019 | D:6      | Found a transporter.
  3019 | D:6      | Found a transporter.
  3020 | D:6      | Noticed Nabski's ghost (novice TeFE)
  3020 | D:6      | Identified the +5 dire flail "Impbane" {flame, Will+}
  3318 | D:6      | Reached skill level 8 in Fighting
  3318 | D:6      | Reached XP level 8. HP: 67/74 MP: 7/7
  3329 | Temple   | Entered the Ecumenical Temple
  3390 | Temple   | Became a worshipper of Nemelex Xobeh the Trickster
  4187 | D:5      | Reached * piety under Nemelex Xobeh
  4643 | D:6      | Noticed Prince Ribbit
  4657 | D:6      | Killed Prince Ribbit
  4658 | D:6      | Reached skill level 9 in Fighting
  4711 | D:6      | Reached XP level 9. HP: 31/85 MP: 8/8
  5063 | D:6      | Found an ornate altar of the Wu Jian Council.
  5236 | D:7      | Received a gift from Nemelex Xobeh
  5321 | D:7      | Paralysed by a hornet for 3 turns
  5325 | D:7      | Reached skill level 10 in Fighting
  5576 | D:7      | Reached skill level 1 in Invocations
  5736 | D:7      | Reached skill level 10 in Axes
  5963 | D:7      | Reached ** piety under Nemelex Xobeh
  5970 | D:7      | Noticed Joseph
  5983 | D:7      | Killed Joseph
  6571 | D:8      | Noticed a boulder beetle
  6587 | D:8      | Killed a boulder beetle
  6588 | D:8      | Reached skill level 11 in Fighting
  6588 | D:8      | Reached XP level 10. HP: 21/96 MP: 9/11
  6913 | D:8      | Found a hazy altar of Hepliaklqana.
  6913 | D:8      | Found a glowing golden altar of the Shining One.
  6914 | D:8      | Found a hide-covered altar of Uskayaw.
  7617 | D:9      | Noticed Maurice
  7632 | D:9      | Maurice changed into Maurice the swamp drake
  7632 | D:9      | Noticed Maurice
  7638 | D:9      | Killed Maurice the swamp drake
  7773 | D:9      | Reached *** piety under Nemelex Xobeh
  8331 | D:9      | Reached skill level 12 in Fighting
  8458 | D:9      | Found an opulent altar of Gozag.
  8603 | D:10     | Entered Level 10 of the Dungeon
  9092 | D:10     | Found a staircase to the Orcish Mines.
  9258 | D:10     | Noticed Urug
  9265 | D:10     | Killed Urug
  9266 | D:10     | Reached XP level 11. HP: 103/106 MP: 13/13
  9316 | D:10     | Found a staircase to the Lair.
 10003 | D:11     | Reached skill level 13 in Fighting
 10078 | D:11     | Noticed a two-headed ogre
 10088 | D:11     | Killed a two-headed ogre
 10089 | D:11     | Reached skill level 5 in Invocations
 10272 | D:11     | Noticed a two-headed ogre
 10289 | D:11     | Killed a two-headed ogre
 10434 | D:11     | Reached skill level 10 in Armour
 10917 | D:12     | Found Afosuopt's Armour Emporium.
 10919 | D:12     | Noticed a two-headed ogre
 10929 | D:12     | Killed a two-headed ogre
 10978 | D:12     | Bought a +0 pair of boots for 76 gold pieces
 10998 | D:12     | Received a gift from Nemelex Xobeh
 11239 | D:12     | Reached **** piety under Nemelex Xobeh
 11271 | D:12     | Noticed a deep elf pyromancer
 11288 | D:12     | Killed a deep elf pyromancer
 11349 | D:12     | Noticed a two-headed ogre
 11356 | D:12     | Killed a two-headed ogre
 11357 | D:12     | Reached skill level 14 in Fighting
 11811 | D:12     | Found a shimmering altar of Xom.
 11992 | D:13     | Noticed a centaur warrior
 11998 | D:13     | Killed a centaur warrior
 11999 | D:13     | Reached XP level 12. HP: 110/118 MP: 15/15
 12023 | D:13     | Noticed a centaur warrior
 12031 | D:13     | Killed a centaur warrior
 12087 | D:13     | Found a gate to the Vaults.
 12087 | D:13     | Noticed a vault guard
 12087 | D:13     | Noticed a vault guard
 12087 | D:13     | Noticed a vault guard
 12087 | D:13     | Noticed a vault guard
 12088 | D:13     | Noticed a vault guard
 12088 | D:13     | Noticed a vault guard
 12088 | D:13     | Noticed a vault guard
 12088 | D:13     | Noticed a vault guard
 12101 | D:13     | Killed a vault guard
 12108 | D:13     | Killed a vault guard
 12112 | D:13     | Killed a vault guard
 12117 | D:13     | Killed a vault guard
 12121 | D:13     | Killed a vault guard
 12122 | D:13     | Reached skill level 15 in Fighting
 12129 | D:13     | Killed a vault guard
 12140 | D:13     | Killed a vault guard
 12153 | D:13     | Killed a vault guard
 12154 | D:13     | Reached skill level 15 in Axes
 12426 | D:13     | Noticed a centaur warrior
 12444 | D:13     | Killed a centaur warrior
 12676 | D:13     | Received a gift from Nemelex Xobeh
 12676 | D:13     | Noticed a five-headed hydra
 12685 | D:13     | Killed a one-headed hydra
 12972 | D:13     | Noticed a two-headed ogre
 12985 | D:13     | Killed a two-headed ogre
 13008 | D:13     | Reached ***** piety under Nemelex Xobeh
 13417 | Lair:1   | Entered Level 1 of the Lair of Beasts
 13595 | Lair:1   | Received a gift from Nemelex Xobeh
 13618 | Lair:1   | Reached XP level 13. HP: 109/128 MP: 17/17
 13640 | Lair:1   | Reached skill level 16 in Fighting
 13709 | Lair:1   | Found a frozen archway.
 13728 | IceCv    | Entered an ice cave
 14278 | IceCv    | Found an ancient bone altar of Kikubaaqudgha.
 15322 | Lair:1   | Received a gift from Nemelex Xobeh
 15649 | Lair:2   | Received a gift from Nemelex Xobeh
 16007 | Lair:2   | Received a gift from Nemelex Xobeh
 16200 | Lair:2   | Reached skill level 17 in Fighting
 16404 | Lair:2   | Found a staircase to the Swamp.
 16972 | Lair:3   | Received a gift from Nemelex Xobeh
 16973 | Lair:3   | Noticed Sonja
 16976 | Lair:3   | Banished Sonja
 17032 | Lair:3   | Found a hole to the Spider Nest.
 17050 | Lair:3   | HP: 1/133 [meliai/+3 hand axe (8)]
 17430 | Lair:3   | Reached XP level 14. HP: 128/140 MP: 19/19
 17693 | Lair:3   | Received a gift from Nemelex Xobeh
 18081 | Lair:4   | You fall into a shaft and drop 1 floor!
 18081 | Lair:5   | Entered Level 5 of the Lair of Beasts
 18193 | Lair:5   | Reached skill level 18 in Fighting
 18826 | Lair:5   | Reached skill level 10 in Invocations
 18922 | Lair:5   | Received a gift from Nemelex Xobeh
 19150 | Lair:5   | Reached skill level 19 in Fighting
 19570 | Lair:4   | Reached XP level 15. HP: 147/152 MP: 21/21
 19716 | Lair:4   | Gained mutation: You have large cloven feet. [potion of
                  | mutation]
 19716 | Lair:4   | Gained mutation: Your body sometimes deteriorates upon
                  | taking damage. [potion of mutation]
 19716 | Lair:4   | Gained mutation: You are strong-willed. (Will+) [potion of
                  | mutation]
 19717 | Lair:4   | Lost mutation: You are strong-willed. (Will+) [potion of
                  | mutation]
 19717 | Lair:4   | Lost mutation: You have large cloven feet. [potion of
                  | mutation]
 19717 | Lair:4   | Gained mutation: You sometimes lose your temper in combat.
                  | [potion of mutation]
 19718 | Lair:4   | Lost mutation: Your body sometimes deteriorates upon taking
                  | damage. [potion of mutation]
 19718 | Lair:4   | Lost mutation: You sometimes lose your temper in combat.
                  | [potion of mutation]
 19718 | Lair:4   | Gained mutation: You are resistant to electric shocks.
                  | (rElec) [potion of mutation]
 19718 | Lair:4   | Gained mutation: You have a pair of large horns on your
                  | head. [potion of mutation]
 19718 | Lair:4   | Gained mutation: You are robust. (+10% HP) [potion of
                  | mutation]
 19718 | Lair:4   | Gained mutation: You are strong-willed. (Will+) [potion of
                  | mutation]
 19779 | Lair:4   | Reached ****** piety under Nemelex Xobeh
 19867 | Lair:4   | Got the Codex of Electricity
 20240 | Lair:4   | Found a runed translucent door.
 20240 | Lair:4   | Found a viscous altar of Jiyva.
 20241 | Lair:4   | Found a staircase to the Slime Pits.
 20457 | Orc:1    | Entered Level 1 of the Orcish Mines
 20493 | Orc:1    | Received a gift from Nemelex Xobeh
 20681 | Orc:2    | Entered Level 2 of the Orcish Mines
 20747 | Orc:2    | Received a gift from Nemelex Xobeh
 20774 | Orc:2    | Found a staircase to the Elven Halls.
 20858 | Orc:1    | Received a gift from Nemelex Xobeh
 21198 | Orc:2    | HP: 3/170 [orc knight/+0 dire flail (16)]
 21462 | Abyss:3  | Cast into level 3 of the Abyss (orc knight)
 21470 | Abyss:3  | Found a corrupted altar of Lugonu.
 21565 | Abyss:3  | Killed Sonja
 21568 | Abyss:3  | HP: 6/170 [entropy weaver (shapeshifter) (11)]
 21572 | Abyss:3  | Killed from afar by a starcursed mass

Illustrated notes

Levels and vault maps discovered:
D:1:      amcnicky_arrival_double_pillar, layout_basic
D:2:      layout_basic, uniq_sigmund
D:3:      layout_rooms, minmay_cupped
D:4:      layout_gridville
D:5:      kennysheep_kobold_camp, layout_rooms,
          minmay_temple_entry_from_below_a, uniq_blork_the_orc
D:6:      layout_rooms, nicolae_wu_jian_glorious_leap, gammafunk_ghost_smash,
          uniq_prince_ribbit1
D:7:      statuecave_lemuel, layout_basic, nrook_mini_vaults, uniq_joseph
D:8:      layout_basic, chequers_temple_overflow_statue_of_worship
D:9:      layout_irregular_city, grunt_gozag_statues, uniq_maurice
D:10:     layout_basic, lair_entry_dummy, uniq_urug
D:11:     layout_basic
D:12:     layout_loops_corners, serial_shops, nicolae_stop_n_shop_1,
          xom_teletrap_fun
D:13:     layout_cave_pools, erik_vaults_2, grunt_decor_cap, minivault_4
D:14:     layout_basic, infiniplex_staircase_zigzag_3
Temple:   nicolae_temple_bog_church
Lair:1:   layout_chaotic_city, portal_ice_cave_demonic_guard,
          beast_lair_carwin_3
Lair:2:   layout_regular_city, nicolae_swamp_entry_splash_gauntlet,
          beast_lair_carwin_5
Lair:3:   layout_long_grid, hellmonk_spider_entry_not_the_bees, special_room
          [special_room_mythical_zoo], grunt_megastairs_1, uniq_sonja
Lair:4:   layout_roguey, slime_entry_2, dreamdust_deal_with_the_devil,
          bobbens_dragon_lair_wall, lemuel_fruit_fields
Lair:5:   hangedman_lair_tendril_chambers, layout_cave_pods,
          nicolae_quartered_pool_little, infiniplex_staircase_pool_2
Orc:1:    layout_caves
Orc:2:    st_orc_pillars, layout_diamond_mine, basic_altar
Abyss:3:  base: Lair:3, minivault_26, evilmike_abyss_exit_kraken

Skill      XL: |  1  2  3  4  5  6  7  8  9 10 11 12 13 14 |
---------------+-------------------------------------------+-----
Fighting       | 4 5 6 8 9 11 12 14 15 17 19 | 19.9
Axes           | 3 4 5 6 7 9 11 12 14 15 17 18 | 18.9
Armour         | 4 5 6 7 8 9 10 11 12 14 | 14.6
Invocations    | 2 4 6 7 8 10 | 10.8
Shields        | |  3.6

Action                     |  1- 3 |  4- 6 |  7- 9 | 10-12 | 13-15 || total
---------------------------+-------+-------+-------+-------+-------++-------
  Melee: War axe           |    66 |    64 |   263 |   456 |   786 ||  1635
         Headbutt          |     8 |    12 |    63 |    94 |   217 ||   394
         Hand axe          |       |       |       |     5 |   181 ||   186
 Invoke: Draw Summoning    |       |       |     1 |     1 |     3 ||     5
         Draw Destruction  |       |       |       |     6 |    15 ||    21
         Triple Draw       |       |       |       |       |     4 ||     4
         Draw Escape       |       |       |       |       |     1 ||     1
         Deal Four         |       |       |       |       |     2 ||     2
  Evoke: Wand              |       |       |     1 |     1 |       ||     2
    Use: Potion            |       |       |     1 |       |    10 ||    11
         Scroll            |       |       |       |       |    15 ||    15
   Stab: Invisible         |       |       |       |     1 |       ||     1
         Distracted        |       |       |       |       |     2 ||     2
 Armour: Scale mail        |    28 |    33 |    72 |       |       ||   133
         Plate armour      |       |       |    81 |   275 |   690 ||  1046
  Dodge: Dodged            |    27 |    25 |    89 |   138 |   306 ||   585
  Block: Buckler           |    16 |    10 |    54 |    71 |   220 ||   371
         Kite shield       |       |       |       |       |    53 ||    53

Table legend: (Time is in decaauts)
 A = Elapsed time spent in this place.
 B = Non-inter-level travel time spent in this place.
 C = Inter-level travel time spent in this place.
 D = Time resting spent in this place.
 E = Time spent auto-exploring this place.
 F = Levels seen in this place.
 G = Mean time per level.
                   A        B        C        D        E       F      G
               +--------+--------+--------+--------+--------+-----+--------+
         Total |  21401 |  20203 |   1198 |   1569 |  15142 |  24 |  891.7 |
       Dungeon |  13269 |  12394 |    875 |    821 |   9653 |  14 |  947.8 |
        Temple |    225 |    187 |     38 |      0 |    176 |   1 |  225.0 |
          Lair |   5405 |   5156 |    249 |     87 |   4012 |   5 | 1081.0 |
  Orcish Mines |    980 |    945 |     35 |    119 |    670 |   2 |  490.0 |
         Abyss |    100 |    100 |      0 |      0 |     20 |   1 |  100.0 |
      Ice Cave |   1420 |   1420 |      0 |    542 |    610 |   1 | 1420.0 |
               +--------+--------+--------+--------+--------+-----+--------+

Top non-repeatable levels by time:
  Lair:3: 1483 daAuts
   IceCv: 1420 daAuts
  Lair:5: 1377 daAuts
     D:8: 1345 daAuts
    D:10: 1317 daAuts
    D:13: 1199 daAuts
     D:5: 1174 daAuts
    D:11: 1151 daAuts
     D:7: 1088 daAuts
     D:4: 1018 daAuts
    D:12: 1008 daAuts
     D:6: 1003 daAuts
  Lair:2: 965 daAuts
     D:9: 948 daAuts
     D:1: 809 daAuts
